 Dungeon Crawl Stone Soup version 0.21.0 (webtiles) character file.

166 tidbits the Sneak (level 5, 11/18 HPs)
             Began as a Felid Earth Elementalist on Jan 6, 2018.
             Was a Follower of Wu Jian.
             Quit the game on level 8 of the Dungeon.
             The game lasted 00:16:01 (1918 turns).

tidbits the Sneak (Felid Earth Elementalist)        Turns: 1918, Time: 00:16:03

Health: 11/18      AC:  1    Str:  5    XL:     5   Next: 22%
Magic:  2/9        EV: 18    Int: 18    God:    Wu Jian [*.....]
Gold:   168        SH:  0    Dex: 17    Spells: 5/8 levels left
                                        Lives:  0   Deaths: 1

rFire    . . .     SeeInvis +     - Unarmed
rCold    . . .     Gourm    .   (shield unavailable)
rNeg     + . .     Faith    .   (armour unavailable)
rPois    +         Spirit   .   (helmet unavailable)
rElec    .         Reflect  .   (cloak unavailable)
rCorr    .         Harm     .   (gloves unavailable)
MR       .....                  (boots unavailable)
Stlth    ++........             (no amulet)
HPRegen  0.06/turn              e - ring of positive energy
MPRegen  0.11/turn              j - ring of poison resistance

@: confused, slowed, slow
A: very small, no armour, no weapons or thrown items, stealth, claws 1, fangs 3,
see invisible, carnivore, clever 1, speed 1, frail 1, shaggy fur 1, slow
metabolism 1, sharp paws
a: Renounce Religion


You were on level 8 of the Dungeon.
You worshipped Wu Jian.
Wu Jian was aware of your devotion.
You were not hungry.

You visited 2 branches of the dungeon, and saw 9 of its levels.

You collected 168 gold pieces.

Inventory:

Missiles
 b - 48 stones
Jewellery
 e - a ring of positive energy (left paw)
   (You found it on level 1 of the Dungeon)
 j - a ring of poison resistance (right paw)
   (You found it on level 6 of the Dungeon)
Scrolls
 f - 3 scrolls of identify {unknown}
 k - 2 scrolls of enchant weapon
 l - a scroll of random uselessness {unknown}
 m - a scroll of teleportation {unknown}
Books
 d - a book of Geomancy

   Spells                             Type                      Level
   a - Sandblast                      Earth                        1
   b - Passwall                       Transmutation/Earth          2
   c - Stone Arrow                    Conjuration/Earth            3
   d - Petrify                        Transmutation/Earth          4
   e - Lee's Rapid Deconstruction     Earth                        5
Comestibles
 c - 6 rations


   Skills:
 - Level 2.6 Dodging
 + Level 6.8 Stealth
 + Level 4.1 Unarmed Combat
 - Level 2.0 Spellcasting
 - Level 1.1 Transmutations
 - Level 2.6 Earth Magic


You had 5 spell levels left.
You knew the following spells:

 Your Spells              Type           Power        Failure   Level  Hunger
a - Sandblast             Erth           ##....       6%          1    #......
p - Passwall              Tmut/Erth      #.........   13%         2    ###....


Dungeon Overview and Level Annotations

Branches:
Dungeon (8/15)             Temple (1/1) D:6
   Lair: D:8-11

Altars:
Ashenzari
Cheibriados
Dithmenos
Elyvilon
Fedhas
Hepliaklqana
Kikubaaqudgha
Nemelex Xobeh
Okawaru
Qazlal
Sif Muna
Trog
Uskayaw
Vehumet
Wu Jian
Xom
Yredelemnul
Zin

Shops:
D:6 :

Annotations:
D:2 Jessica
D:5 Ijyb
D:8 Erica, Joseph


Innate Abilities, Weirdness & Mutations

You cannot wear armour.
You are incapable of wielding weapons or throwing items.
Your paws allow you to move quietly. (Stealth)
You have sharp claws.
You have razor-sharp teeth.
You have supernaturally acute eyesight. (SInv)
You are carnivorous and can eat meat at any time.
You cover ground quickly.
You are covered in fur. (AC +1)
You have a slow metabolism.
Your sharp claws are effective at attacking unaware monsters.
Your mind is acute. (Int +2)
You are frail. (-10% HP)


Message History

Your transformation is almost over.
What are your orders? t - Creak!
Orders for allies: a - Attack new target. r - Retreat! s - Stop attacking. g - Guard the area. f - Follow me.
Anything else - Cancel.
You creak for attention!
What are your orders? t - Creak!
Orders for allies: a - Attack new target. r - Retreat! s - Stop attacking. g - Guard the area. f - Follow me.
Anything else - Cancel.
You creak for attention!
What are your orders? t - Creak!
Orders for allies: a - Attack new target. r - Retreat! s - Stop attacking. g - Guard the area. f - Follow me.
Anything else - Cancel.
You creak for attention!
You start resting.
Casting: Sandblast
Confirm with . or Enter, or press ? or * to list all spells.
Aiming: Sandblast
Press: ? - help, Shift-Dir - straight line, f/p - Erica
Aim: Erica, wielding a scimitar of flaming and wearing a robe (moderately wounded)
The blast of sand hits Erica.
Erica is moderately wounded.
b - 54 stones
Casting: Sandblast
Confirm with . or Enter, or press ? or * to list all spells.
Aiming: Sandblast
Press: ? - help, Shift-Dir - straight line, f/p - Erica
Aim: Erica, wielding a scimitar of flaming and wearing a robe (moderately wounded)
The blast of sand hits Erica.
Erica is moderately wounded.
b - 53 stones It was a potion of mutation.
You feel extremely strange.
You feel frail.
You feel clever.
You feel less wooden. Erica completely misses you.
It was a potion of cancellation.
You feel magically purged.
Okay, then.
Okay, then.
Casting: Sandblast
Confirm with . or Enter, or press ? or * to list all spells.
Aiming: Sandblast
Press: ? - help, Shift-Dir - straight line, f/p - Erica
Aim: Erica, wielding a scimitar of flaming and wearing a robe (moderately wounded)
The blast of sand hits Erica.
Erica is heavily wounded.
b - 52 stones Erica completely misses you.
Casting: Sandblast
Confirm with . or Enter, or press ? or * to list all spells.
Aiming: Sandblast
Press: ? - help, Shift-Dir - straight line, f/p - Erica
Aim: Erica, wielding a scimitar of flaming and wearing a robe (heavily wounded)
The blast of sand hits Erica.
Erica is heavily wounded.
b - 51 stones Erica points at you and mumbles some strange words.
You feel yourself slow down.
Casting: Sandblast
Confirm with . or Enter, or press ? or * to list all spells.
Aiming: Sandblast
Press: ? - help, Shift-Dir - straight line, f/p - Erica
Aim: Erica, wielding a scimitar of flaming and wearing a robe (heavily wounded)
The blast of sand hits Erica.
Erica is heavily wounded.
b - 50 stones Erica closely misses you.
Erica misses you.
Casting: Sandblast
Confirm with . or Enter, or press ? or * to list all spells.
Aiming: Sandblast
Press: ? - help, Shift-Dir - straight line, f/p - Erica
Aim: Erica, wielding a scimitar of flaming and wearing a robe (heavily wounded)
The blast of sand misses Erica.
b - 49 stones Erica hits you with a scimitar of flaming!
Ouch! That really hurt!
* * * LOW HITPOINT WARNING * * *
Erica burns you.
* * * LOW HITPOINT WARNING * * *
Casting: Sandblast
Confirm with . or Enter, or press ? or * to list all spells.
Aiming: Sandblast
Press: ? - help, Shift-Dir - straight line, f/p - Erica
Aim: Erica, wielding a scimitar of flaming and wearing a robe (heavily wounded)
The blast of sand hits Erica.
Erica is severely wounded.
b - 48 stones Erica barely misses you.
You feel better.
Erica points at you and mumbles some strange words.
You are confused.
Are you sure you want to abandon this character and quit the game? (Confirm with "yes".)

...##.# #.#
.##.##.# #.# ..
.....# #.# ..
#. #.# #.# #..
#.#
##.##########.#
..............#
......###....##
.......@@.####
......#####
..... .... /..
.. .


You could see Erica.

Vanquished Creatures
  A centaur zombie (D:5)
  2 crimson imps (D:5)
  2 hounds
  An orc wizard (D:3)
  A worker ant (D:4)
  An adder zombie (D:7)
  A dart slug (D:1)
  3 leopard geckos
  9 orcs
  5 bats
  8 giant cockroaches
  7 goblins
  3 hobgoblins
  4 jackals (D:5)
  5 kobolds
  3 quokkas
  A ball python (D:1)
  2 frilled lizards
  A leopard gecko skeleton (D:4)
  A quokka skeleton (D:7)
  3 rats
64 creatures vanquished.

Notes
Turn   | Place    | Note
-------+----------+-------------------------------------------
     0 | D:1      | tidbits the Felid Earth Elementalist began the quest for the Orb.
     0 | D:1      | Reached XP level 1. HP: 7/7 MP: 4/4
    19 | D:1      | Reached skill level 3 in Stealth
    67 | D:1      | Reached skill level 1 in Unarmed Combat
    94 | D:1      | Reached XP level 2. HP: 10/11 MP: 6/6
   100 | D:1      | Learned a level 2 spell: Passwall
   263 | D:2      | Noticed Jessica
   346 | D:2      | Found a shadowy altar of Dithmenos.
   369 | D:2      | Reached skill level 4 in Stealth
   445 | D:2      | Reached XP level 3. HP: 14/14 MP: 4/7
   578 | D:3      | Reached skill level 2 in Unarmed Combat
   718 | D:4      | Reached skill level 5 in Stealth
   718 | D:4      | Reached XP level 4. HP: 18/18 MP: 4/8
   720 | D:5      | Entered Level 5 of the Dungeon
   770 | D:5      | Noticed a phantom
   835 | D:6      | Found Systrio's Book Emporium.
   838 | D:6      | Found a staircase to the Ecumenical Temple.
   861 | Temple   | Entered the Ecumenical Temple
   878 | Temple   | Became a worshipper of the Wu Jian Council
  1010 | D:5      | Reached skill level 3 in Unarmed Combat
  1060 | D:5      | Reached XP level 5. HP: 10/21 MP: 2/9
  1073 | D:5      | Noticed Ijyb
  1134 | D:5      | Reached skill level 6 in Stealth
  1165 | D:5      | Noticed an ice beast
  1246 | D:5      | Found a bloodstained altar of Trog.
  1412 | D:3      | Found a white marble altar of Elyvilon.
  1473 | D:2      | Reached skill level 4 in Unarmed Combat
  1635 | D:4      | Noticed a phantom
  1682 | D:4      | Reached * piety under Wu Jian
  1785 | D:6      | Noticed an ice beast
  1818 | D:8      | Noticed Joseph
  1824 | D:8      | Mangled by Joseph
  1825 | D:8      | Reached XP level 4. HP: -9/27 MP: 8/8
  1850 | D:8      | Reached XP level 5. HP: 21/21 MP: 9/9
  1875 | D:8      | Noticed Erica
  1910 | D:8      | Gained mutation: You are frail. (-10% HP) [potion of mutation]
  1910 | D:8      | Gained mutation: Your mind is acute. (Int +2) [potion of mutation]
  1918 | D:8      | Quit the game

Skill      XL: |  1  2  3  4  5 |
---------------+----------------+-----
Stealth        | 3 4 5 6 |  6.8
Unarmed Combat | 1 2 3 4 |  4.1
Dodging        | |  2.6
Spellcasting   | |  2.0
Transmutations | |  1.1
Earth Magic    | |  2.6

Action                   |  1- 3 |  4- 6 || total
-------------------------+-------+-------++-------
Melee: Unarmed           |    20 |    40 ||    60
       Bite              |     1 |     3 ||     4
 Cast: Sandblast         |    33 |    60 ||    93
       Passwall          |     2 |     2 ||     4
Invok: Lunge             |       |     5 ||     5
Evoke: Wand              |     1 |     4 ||     5
  Use: Potion            |     1 |     5 ||     6
       Scroll            |       |     1 ||     1
 Stab: Sleeping          |    10 |    10 ||    20
  Eat: Chunk             |       |     3 ||     3
Armor: Skin              |     1 |     1 ||     2
Dodge: Dodged            |    17 |    32 ||    49

Table legend:
 A = Turns spent in this place as a percentage of turns spent in the entire game.
 B = Non-inter-level travel turns spent in this place as a percentage of non-inter-level travel turns spent in the entire game.
 C = Inter-level travel turns spent in this place as a percentage of turns spent in this place.
 D = Turns resting spent in this place as a percentage of non-inter-level travel turns spent in this place.
 E = Turns spent auto-exploring this place as a percentage of non-inter-level travel turns spent in this place.
 F = Non-inter-level travel turns spent in this place divided by the number of levels of this place that you've seen.
                   A       B       C       D       E      F
               +-------+-------+-------+-------+-------+----------------------
         Total | 100.0 | 100.0 |   0.8 |   0.3 |   0.0 | 211.3
       Dungeon |  98.2 |  99.0 |   0.0 |   0.3 |   0.0 | 235.4
        Temple |   1.8 |   1.0 |  45.7 |   0.0 |   0.0 |  19.0
               +-------+-------+-------+-------+-------+----------------------

Table legend:
 A = Kills in this place as a percentage of kills in entire the game.
 B = Kills by you in this place as a percentage of kills by you in the entire game.
 C = Kills by friends in this place as a percentage of kills by friends in the entire game.
 D = Other kills in this place as a percentage of other kills in the entire game.
 E = Experience gained in this place as a percentage of experience gained in the entire game.
 F = Experience gained in this place divided by the number of levels of this place that you have seen.
                   A       B       C       D       E      F
               +-------+-------+-------+-------+-------+----------------------
         Total | 100.0 | 100.0 |   N/A |   N/A | 100.0 |  46.6
       Dungeon | 100.0 | 100.0 |   N/A |   N/A | 100.0 |  52.4
               +-------+-------+-------+-------+-------+----------------------

Vault maps used:
D:1:      mrwooster_arrival_statue
D:2:      nicolae_dithmenos_shadow_blocks, serial_bayou, serial_bayou_pond_c,
          serial_bayou_ford_a, serial_bayou_crossing, serial_bayou_lagoon_b,
          serial_bayou_pond_c, serial_bayou_lake_a, uniq_jessica
D:3:      lemuel_doored_altar
D:4:      serial_curves, eino_curves_03, eino_curves_02, first_ration,
          dk_vineyard_2, guppyfry_early_lair_pool
D:5:      trog_three_pillars_becter, uniq_ijyb
D:6:      nicolae_gozag_seed_capital, minmay_temple_entry_junction,
          serial_shops, nicolae_shop_waterfront, nemelex_diamond_rough_becter
D:7:      tso_altar, uniq_crazy_yiuf_cottage, uniq_pikel, uniq_prince_ribbit1
D:8:      hangedman_ranch, minivault_5, uniq_joseph, uniq_erica
Temple:   lightli_temple_of_artemis
